 Dungeon Crawl Stone Soup version 0.20.1-1-g8b1a95d (webtiles) character file.

111 Pytinka the Skirmisher (level 4, -6/40 HPs)
             Began as a Minotaur Fighter on July 12, 2017.
             Mangled by Sigmund
             ... wielding a +0 scythe
              (13 damage)
             ... on level 3 of the Dungeon.
             The game lasted 00:03:31 (1707 turns).

Pytinka the Skirmisher (Minotaur Fighter)           Turns: 1707, Time: 00:03:31

Health: -6/40      AC:  7    Str: 21    XL:     4   Next: 62%
Magic:  3/3        EV:  7    Int:  5    God:
Gold:   93         SH:  0    Dex: 10    Spells: 3/3 levels left

rFire    . . .     SeeInvis .   a - +0 war axe
rCold    . . .     Gourm    .   c - +0 shield
rNeg     . . .     Faith    .   b - +0 scale mail
rPois    .         Spirit   .   (helmet restricted)
rElec    .         Reflect  .   (no cloak)
rCorr    .         Harm     .   p - +0 pair of gloves
MR       .....                  (no boots)
Stlth    ..........             (no amulet)
Regen    0.2/turn               (no ring)
MPRegen  0.1/turn               (no ring)

@: confused, lethally poisoned (-6 -> -6), heavily drained
A: retaliatory headbutt, horns 2
a: no special abilities


You were on level 3 of the Dungeon.
You were not hungry.

You visited 1 branch of the dungeon, and saw 3 of its levels.

You collected 93 gold pieces.

Inventory:

Hand Weapons
 a - a +0 war axe (weapon)
Armour
 b - a +0 scale mail (worn)
 c - a +0 shield (worn)
 p - a +0 pair of gloves (worn)
Jewellery
 w - a cursed ring of teleportation {unknown}
Scrolls
 e - 2 scrolls of teleportation {unknown}
 h - 2 scrolls of fog {unknown}
 j - a scroll of recharging {unknown}
 l - 2 scrolls of random uselessness {unknown}
 m - a scroll of magic mapping {unknown}
 n - a scroll of remove curse {unknown}
 r - a scroll of identify {unknown}
 s - a scroll of amnesia {unknown}
 x - a scroll of fear {unknown}
Potions
 d - a potion of might
 i - a potion of degeneration {unknown}
 k - a potion of ambrosia {unknown}
 o - 2 potions of flight {unknown}
 q - 2 potions of agility {unknown}
 z - a potion of curing {unknown}
Books
 t - a book of Changes

   Spells                             Type                      Level
   a - Beastly Appendage              Transmutation                1
   b - Sticks to Snakes               Transmutation                2
   c - Spider Form                    Transmutation/Poison         3
   d - Ice Form                       Ice/Transmutation            4
   e - Blade Hands                    Transmutation                5
 v - a book of Minor Magic

   Spells                             Type                      Level
   a - Magic Dart                     Conjuration                  1
   b - Blink                          Translocation                2
   c - Call Imp                       Summoning                    2
   d - Slow                           Hexes                        2
   e - Conjure Flame                  Conjuration/Fire             3
   f - Mephitic Cloud                 Conjuration/Poison/Air       3
Comestibles
 f - 2 bread rations
 u - a meat ration


   Skills:
 + Level 4.3(2.9) Fighting
 + Level 4.1(2.7) Axes
 + Level 4.3(3.0) Armour
 + Level 1.2(0.0) Dodging
 + Level 4.1(2.8) Shields


You had 3 spell levels left.
You didn't know any spells.

Dungeon Overview and Level Annotations

Branches:
Dungeon (3/15)

Altars:

Annotations:
D:3 Sigmund


Innate Abilities, Weirdness & Mutations

You reflexively headbutt those who attack you in melee.
You have a pair of horns on your head.


Message History

You hear some strange, mumbled words.
You are confused.
You bump into the rock wall.
The adder barely misses you.
You barely miss the adder.
The adder is lightly wounded.
You feel sick. The adder bites you but does no damage. The adder bites you.
* * * LOW HITPOINT WARNING * * *
The adder bites you.
* * * LOW HITPOINT WARNING * * *
You feel less confused. Something hits you but does no damage.
The adder barely misses you.
You feel sick. The adder closely misses you. You furiously retaliate!
You headbutt the adder!
You hear some strange, mumbled words.
You are confused.
The adder misses you. Something hits you but does no damage.
You bump into the rock wall.
The adder bites you but does no damage.
You're too confused to move!
The adder barely misses you. Something hits you!
You die...

### #### #.# ...# #.##
...################..#
....................[############
.......<.....................<...
...###############.#..#...#####.#
.).# ######@..##.#...####..# ####
####..##.S####.#.......... ##
###....##..{..........#####.
.#####...###....#.........## #.
..#....####..#.....####...# ##
#.#.#####.......#..####...# #
..........................# #
............#.......#...###
............#.........#.#


You could see an adder.

Vanquished Creatures
  Terence (D:2)
  2 adders
  An ooze (D:2)
  A worm (D:2)
  2 dart slugs (D:1)
  3 leopard geckos
  An orc (D:3)
  2 ball pythons (D:1)
  2 giant cockroaches
  6 goblins
  8 hobgoblins
  5 kobolds
  A quokka (D:1)
  8 bats
  3 frilled lizards
  8 rats
54 creatures vanquished.

Notes
Turn   | Place    | Note
-------+----------+-------------------------------------------
     0 | D:1      | Pytinka the Minotaur Fighter began the quest for the Orb.
     0 | D:1      | Reached XP level 1. HP: 19/19 MP: 0/0
   289 | D:1      | Reached XP level 2. HP: 26/27 MP: 1/1
   769 | D:1      | Reached XP level 3. HP: 32/33 MP: 2/2
   873 | D:2      | Noticed Terence
   897 | D:2      | Killed Terence
   897 | D:2      | Reached XP level 4. HP: 27/40 MP: 3/3
  1006 | D:2      | Reached skill level 1 in Dodging
  1599 | D:3      | Noticed Sigmund
  1707 | D:3      | Mangled by Sigmund

Skill      XL: |  1  2  3  4 |
---------------+-------------+-----
Fighting       | 4 |  4.3
Armour         | 4 |  4.3
Axes           | 3 4 |  4.1
Shields        | 4 |  4.1
Dodging        | 1 |  1.2

Action                   |  1- 3 |  4- 6 || total
-------------------------+-------+-------++-------
Melee: War axe           |    92 |    63 ||   155
       Headbutt          |     9 |    11 ||    20
  Eat: Chunk             |       |     3 ||     3
Armor: Scale mail        |    43 |    39 ||    82
Dodge: Dodged            |    32 |    28 ||    60
Block: Shield            |    47 |    32 ||    79
